 Dungeon Crawl Stone Soup version 0.24.0-123-gd5b16e6ec5 (webtiles) character file.

Game seed: 6245029058120552316, levelgen mode: deterministic

2937 Hylith the Basher (level 9, -5/59 HPs)
             Began as a Gargoyle Fighter on Dec 27, 2019.
             Killed by divine providence
             ... invoked by an orc priest
              (10 damage)
             ... on level 8 of the Dungeon.
             The game lasted 00:13:16 (5505 turns).

Hylith the Basher (Gargoyle Fighter)                Turns: 5505, Time: 00:13:16

Health: -5/59      AC: 22    Str: 23    XL:     9   Next: 80%
Magic:  9/9        EV:  8    Int: 12    God:
Gold:   136        SH:  0    Dex:  9    Spells: 8/8 levels left

rFire    . . .     SeeInvis .   F - +6 dire flail (holy)
rCold    + . .     Gourm    .   (shield currently unavailable)
rNeg     + . .     Faith    .   G - +3 chain mail {rC+}
rPois    ∞         Spirit   .   x - +0 helmet
rElec    +         Reflect  .   (no cloak)
rCorr    .         Harm     .   (no gloves)
MR       .....                  q - +1 pair of boots
Stlth    ..........             (no amulet)
HPRegen  0.19/turn              g - +3 ring of intelligence
MPRegen  0.11/turn              z - ring of stealth

@: no status effects
A: negative energy resistance 1, electricity resistance, unbreathing,
petrification resistance, rot immunity, AC +6
a: no special abilities


You were on level 8 of the Dungeon.
You were hungry.

You visited 2 branches of the dungeon, and saw 9 of its levels.

You collected 136 gold pieces.

Inventory:

Hand Weapons
 a - a +0 flail
 p - a +2 mace of draining
 y - a +3 flail of freezing
 F - a +6 dire flail of holy wrath (weapon)
Armour
 c - a +0 shield
 q - a +1 pair of boots (worn)
 x - a +0 helmet (worn)
 G - a +3 chain mail of cold resistance (worn)
Jewellery
 g - a +3 ring of intelligence (left hand)
 z - a ring of stealth (right hand)
Wands
 s - a wand of acid (5)
 u - a wand of polymorph (11)
 E - a wand of paralysis (12)
 H - a wand of digging (4)
Scrolls
 b - a scroll of random uselessness {unknown}
 h - 15 scrolls of identify {unknown}
 i - a scroll of noise {unknown}
 j - 4 scrolls of remove curse {unknown}
 k - a scroll of immolation {unknown}
 r - 2 scrolls of amnesia {unknown}
 v - a scroll of enchant weapon {unknown}
 A - a scroll of fear {unknown}
 D - a scroll of blinking {unknown}
Potions
 e - 3 potions of flight {unknown}
 l - a potion of heal wounds {unknown}
 m - a potion of berserk rage {unknown}
 n - a potion of cancellation {unknown}
 o - a potion of invisibility {unknown}
 t - a potion of lignification {unknown}
 w - 2 potions of curing {unknown}
 C - 2 potions of agility {unknown}
Comestibles
 f - 6 rations


   Skills:
 + Level 7.9 Fighting
 * Level 9.5 Maces & Flails
 - Level 4.0 Armour
 + Level 7.9 Shields


You had 8 spell levels left.
You didn't know any spells.
Your spell library was empty.

Dungeon Overview and Level Annotations

Branches:
Dungeon (8/15)             Temple (1/1) D:5
   Lair: D:8-11

Altars:
Ashenzari
Elyvilon
Gozag
Kikubaaqudgha
Nemelex Xobeh
Okawaru
Qazlal
Trog
Uskayaw
Vehumet
Xom
Yredelemnul
Zin
The Shining One

Shops:
D:4 *

Annotations:
D:5 2 transporters, Riock's ghost, novice MiBe


Innate Abilities, Weirdness & Mutations

You are resistant to torment.
Your stone body is resilient. (AC +6)
You are immune to poison.
You resist negative energy. (rN+)
You are resistant to electric shocks. (rElec)
You can survive without breathing.
You are immune to petrification.
You are immune to rotting.


Message History

You kill the orc warrior!
You closely miss the orc priest.
The orc priest hits you but does no damage.
You hit the orc priest.
The orc priest is moderately wounded.
The orc priest hits you with a +0 hand axe.
* * * LOW HITPOINT WARNING * * *
You closely miss the orc priest.
The orc priest is moderately wounded.
The orc priest mumbles some strange prayers to Beogh against you.
Beogh smites you!
* * * LOW HITPOINT WARNING * * *
You puncture the orc priest!
You kill the orc priest!
The worker ant bites you but does no damage.
You bludgeon the worker ant!!
You kill the worker ant!
The orc priest calls down the wrath of Beogh upon you.
Beogh smites you!
You die...

.$....# ...#.##
...... .!=.#
#...#
#...###.##
######)........
#...@)o<)......
#.#####..##...#
#.# #..# #
#....# #....
5....####
...... .#.#
#....... #
..###/.. ###
...


You could see an orc priest.

Vanquished Creatures
  Edmund (D:6)
  A hornet zombie (D:7)
  4 orc warriors
  4 ogres
  3 centaurs
  4 bullfrogs
  A water moccasin zombie (D:6)
  A water moccasin skeleton (D:4)
  2 scorpions
  3 wights (D:7)
  A crimson imp (D:6)
  A bullfrog zombie (D:7)
  A centaur zombie (D:2)
  A quasit (D:6)
  A jelly (D:7)
  2 orc wizards
  6 orc priests
  7 hounds
  2 iguanas (D:5)
  7 worker ants
  A hound skeleton (D:5)
  Robin (D:2)
  A worker ant zombie (D:6)
  12 adders
  7 gnolls
  A howler monkey skeleton (D:3)
  2 shadow imps (D:7)
  An adder skeleton (D:5)
  3 adder zombies
  3 worms
  2 dart slugs
  4 leopard geckos
  19 orcs
  2 ball pythons
  11 bats
  5 giant cockroaches
  20 goblins
  6 hobgoblins
  6 jackals
  A quokka (D:7)
  2 ball python skeletons (D:3)
  3 frilled lizards
  5 kobolds
  A leopard gecko zombie (D:5)
  A quokka skeleton (D:4)
  A quokka zombie (D:5)
  6 rats
180 creatures vanquished.

Vanquished Creatures (others)
  A goblin (D:2)
1 creature vanquished.

Grand Total: 181 creatures vanquished

Notes
Turn   | Place    | Note
-------+----------+-------------------------------------------
     0 | D:1      | Hylith the Gargoyle Fighter began the quest for the Orb.
     0 | D:1      | Reached XP level 1. HP: 14/14 MP: 1/1
    97 | D:1      | Reached XP level 2. HP: 17/19 MP: 2/2
   449 | D:1      | Reached XP level 3. HP: 23/23 MP: 3/3
   508 | D:2      | Reached skill level 3 in Maces & Flails
   508 | D:2      | Reached XP level 4. HP: 18/29 MP: 4/4
   898 | D:2      | Noticed Robin
   901 | D:2      | Reached XP level 5. HP: 33/33 MP: 5/5
   923 | D:2      | Killed Robin
  1256 | D:3      | Reached skill level 4 in Maces & Flails
  1624 | D:3      | Reached XP level 6. HP: 39/39 MP: 6/6
  1679 | D:3      | Found a faded altar of an unknown god.
  2243 | D:4      | Found Fusch's General Store.
  2529 | D:4      | Reached skill level 5 in Maces & Flails
  2531 | D:4      | Reached skill level 5 in Fighting
  2531 | D:4      | Reached XP level 7. HP: 34/44 MP: 7/7
  2587 | D:4      | Reached skill level 5 in Shields
  2723 | D:4      | Found a shimmering altar of Xom.
  3015 | D:5      | Entered Level 5 of the Dungeon
  3072 | D:5      | Reached skill level 6 in Maces & Flails
  3127 | D:5      | Reached XP level 8. HP: 51/51 MP: 8/8
  3198 | D:5      | Noticed Riock's ghost (novice MiBe)
  3199 | D:5      | Found a transporter.
  3227 | D:5      | Found a transporter.
  3391 | D:5      | Found a staircase to the Ecumenical Temple.
  3453 | Temple   | Entered the Ecumenical Temple
  4232 | D:6      | Reached skill level 7 in Maces & Flails
  4472 | D:6      | Noticed Edmund
  4487 | D:6      | Killed Edmund
  4487 | D:6      | Reached skill level 8 in Maces & Flails
  4487 | D:6      | Reached XP level 9. HP: 46/56 MP: 9/9
  5254 | D:8      | Reached skill level 9 in Maces & Flails
  5505 | D:8      | Killed from afar by an orc priest

Levels and vault maps discovered:
D:1:      minmay_arrival_four_houses, layout_rooms
D:2:      layout_basic, first_ration, uniq_robin
D:3:      wad_lake_hut, layout_basic, chequers_ecumenical_altar_island,
          serial_undead, serial_undead_e, serial_undead_f, serial_undead_e,
          serial_undead_c, serial_undead_c, serial_undead_f
D:4:      layout_loops_cross, marbit_many_paths, serial_shops, kennysheep_mini
D:5:      layout_loops_ring, temple_doors_cd, gammafunk_ghost_arena
D:6:      layout_rooms, uniq_edmund
D:7:      layout_rooms
D:8:      layout_loops_ring, minmay_overflow_temple_star_hex, uniq_erica
Temple:   regret_index_temple_generic_petals

Skill      XL: |  1  2  3  4  5  6  7  8  9 |
---------------+----------------------------+-----
Maces & Flails | 3 4 5 6 8 9 |  9.5
Fighting       | 4 5 6 7 |  7.9
Armour         | 4 |  4.0
Shields        | 4 5 6 7 |  7.9

Action                   |  1- 3 |  4- 6 |  7- 9 || total
-------------------------+-------+-------+-------++-------
Melee: Flail             |    84 |    27 |       ||   111
       Mace              |       |   173 |   240 ||   413
       Dire flail        |       |       |   113 ||   113
Evoke: Wand              |       |       |     1 ||     1
  Use: Potion            |       |       |     1 ||     1
  Eat: Chunk             |       |     6 |     6 ||    12
       Ration            |       |       |     1 ||     1
Armor: Scale mail        |    51 |   106 |     5 ||   162
       Chain mail        |       |       |   230 ||   230
Dodge: Dodged            |    18 |    64 |   132 ||   214
Block: Shield            |    39 |   124 |   138 ||   301
